 Dungeon Crawl Stone Soup version 0.22.0-6-g71bd7aa (webtiles) character file.

320 inmateoo the Cudgeler (level 6, -12/40 HPs)
             Began as a Gargoyle Fighter on Aug 14, 2018.
             Was an Initiate of Nemelex Xobeh.
             Killed from afar by a gargoyle (19 damage)
             ... with a stone arrow
             ... on level 6 of the Dungeon.
             The game lasted 00:03:35 (2337 turns).

inmateoo the Cudgeler (Gargoyle Fighter)            Turns: 2337, Time: 00:03:36

Health: -12/40     AC: 12    Str: 26    XL:     6   Next: 46%
Magic:  6/6        EV:  7    Int:  9    God:    Nemelex Xobeh [......]
Gold:   171        SH:  9    Dex:  9    Spells: 5/5 levels left

rFire    . . .     SeeInvis +   a - +1 flail
rCold    . . .     Gourm    .   c - +0 shield
rNeg     + . .     Faith    .   b - +0 scale mail
rPois    ∞         Spirit   .   (no helmet)
rElec    +         Reflect  .   (no cloak)
rCorr    .         Harm     .   (no gloves)
MR       .....                  n - +0 pair of boots
Stlth    ..........             (no amulet)
HPRegen  0.13/turn              r - ring of see invisible
MPRegen  0.10/turn              (no ring)

@: mighty
A: negative energy resistance 1, electricity resistance, unbreathing,
petrification resistance, rot immunity, AC +4
a: Renounce Religion


You were on level 6 of the Dungeon.
You worshipped Nemelex Xobeh.
Nemelex Xobeh was noncommittal.
You were not hungry.

You visited 1 branch of the dungeon, and saw 5 of its levels.

You collected 171 gold pieces.

Inventory:

Hand Weapons
 a - a +1 flail (weapon)
Armour
 b - a +0 scale mail (worn)
 c - a +0 shield (worn)
 n - a +0 pair of boots (worn)
Jewellery
 r - a ring of see invisible (left hand)
Scrolls
 d - 3 scrolls of enchant armour {unknown}
 m - 2 scrolls of teleportation
Potions
 e - 4 potions of curing
 g - 2 potions of mutation
 h - 2 potions of flight {unknown}
 j - a potion of resistance {unknown}
 k - 3 potions of ambrosia {unknown}
 l - 3 potions of heal wounds {unknown}
 o - a potion of degeneration {unknown}
 s - a potion of cancellation {unknown}
Miscellaneous
 p - a plain deck of summoning
Comestibles
 f - 17 rations
 q - 5 chunks of flesh


   Skills:
 + Level 5.1 Fighting
 * Level 5.4 Maces & Flails
 - Level 3.2 Armour
 - Level 3.2 Shields
 + Level 0.8 Invocations


You had 5 spell levels left.
You didn't know any spells.
Your spell library was empty.

Dungeon Overview and Level Annotations

Branches:
Dungeon (6/15)
 Temple: D:4-7

Altars:
Ashenzari
Nemelex Xobeh
Sif Muna
Trog
Uskayaw
Vehumet

Annotations:
D:3 1 runed door, MrElk's ghost, amateur SpGl


Innate Abilities, Weirdness & Mutations

You are resistant to torment.
Your stone body is resilient. (AC +4)
You are immune to poison.
You resist negative energy. (rN+)
You are resistant to electric shocks. (rElec)
You can survive without breathing.
You are immune to petrification.
You are immune to rotting.


Message History

You sock the gargoyle!
The gargoyle is almost destroyed.
The gargoyle hits you with a morningstar!
You are too injured to fight recklessly!
You hit the gargoyle but do no damage.
The gargoyle is almost destroyed.
The gargoyle hurls a stone arrow at you.
The stone arrow hits you!
* * * LOW HITPOINT WARNING * * *
You are too injured to fight recklessly!
Your shield prevents you from hitting the gargoyle.
The gargoyle is almost destroyed.
You block the gargoyle's attack.
Unknown command.
Your shield and scale mail prevent you from hitting the gargoyle.
The gargoyle is almost destroyed.
The gargoyle hurls a stone arrow at you.
The stone arrow hits you!
You die...
Your body disappears without a glow.

........##...........#
#<##...........#
#.##...........#
########.##....$...9...
................##.#.#
#####........##.#
#........##.#
#.....^..##9#
#####.##.##@# #########


You could see a gargoyle.

Vanquished Creatures
  Sigmund (D:2)
  A sky beast (D:6)
  A worker ant (D:6)
  A worker ant zombie (D:6)
  3 adders
  A worm (D:2)
  A leopard gecko (D:2)
  3 orcs
  8 goblins
  4 hobgoblins
  3 jackals (D:2)
  2 quokkas (D:3)
  9 bats
  5 frilled lizards
  11 kobolds
  16 rats
70 creatures vanquished.

Notes
Turn   | Place    | Note
-------+----------+-------------------------------------------
     0 | D:1      | inmateoo the Gargoyle Fighter began the quest for the Orb.
     0 | D:1      | Reached XP level 1. HP: 14/14 MP: 1/1
   128 | D:1      | Reached XP level 2. HP: 16/19 MP: 2/2
   665 | D:2      | Reached XP level 3. HP: 19/24 MP: 3/3
  1174 | D:2      | Found a bloodstained altar of Trog.
  1236 | D:2      | Noticed Sigmund
  1256 | D:2      | Killed Sigmund
  1256 | D:2      | Reached XP level 4. HP: 17/30 MP: 4/4
  1256 | D:2      | Reached XP level 5. HP: 19/34 MP: 5/5
  1633 | D:3      | Reached skill level 5 in Maces & Flails
  1640 | D:3      | Found a hide-covered altar of Uskayaw.
  1721 | D:3      | Found a faded altar of an unknown god.
  1727 | D:3      | Reached XP level 6. HP: 37/40 MP: 6/6
  1894 | D:3      | Found a sparkling altar of Nemelex Xobeh.
  1896 | D:3      | Found a bloodstained altar of Trog.
  1898 | D:3      | Found a deep blue altar of Sif Muna.
  1902 | D:3      | Found a shattered altar of Ashenzari.
  1903 | D:3      | Found a radiant altar of Vehumet.
  1926 | D:3      | Became a worshipper of Nemelex Xobeh the Trickster
  1977 | D:3      | Received a gift from Nemelex Xobeh
  1997 | D:3      | Found a runed door.
  1997 | D:3      | Noticed MrElk's ghost (amateur SpGl)
  2246 | D:3      | You fall through a shaft for 2 floors!
  2246 | D:5      | Entered Level 5 of the Dungeon
  2281 | D:6      | Reached skill level 5 in Fighting
  2315 | D:6      | Noticed a sky beast
  2316 | D:6      | Noticed a gargoyle
  2330 | D:6      | Killed a sky beast
  2337 | D:6      | Killed from afar by a gargoyle

Skill      XL: |  1  2  3  4  5  6 |
---------------+-------------------+-----
Maces & Flails | 3 4 5 |  5.4
Fighting       | 4 5 |  5.1
Armour         | |  3.2
Shields        | |  3.2
Invocations    | |  0.8

Action                   |  1- 3 |  4- 6 || total
-------------------------+-------+-------++-------
Melee: Flail             |   166 |   119 ||   285
  Use: Potion            |     1 |     2 ||     3
       Scroll            |       |     6 ||     6
  Eat: Chunk             |     1 |     4 ||     5
Armor: Scale mail        |    79 |    46 ||   125
Dodge: Dodged            |    50 |    42 ||    92
Block: Shield            |    97 |    57 ||   154
